 Dungeon Crawl Stone Soup version 0.30-a0-57-g8b159a9891 (webtiles) character file.

Game seed: 12796578080058163414

82 Decritt the Trooper (level 4, 0/29 HPs)
             Began as a Gargoyle Fighter on Sept 11, 2022.
             Slain by Crazy Yiuf
             ... wielding a +4 quarterstaff of chaos
              (3 damage)
             ... on level 2 of the Dungeon.
             The game lasted 00:03:39 (2080 turns).

Decritt the Trooper (Gargoyle Fighter)              Turns: 2080, Time: 00:03:40

Health: 0/29       AC: 15    Str: 27    XL:     4   Next: 43%
Magic:  4/4        EV:  6    Int:  9    God:
Gold:   94         SH:  4    Dex:  9    Spells: 3/3 levels left

rFire   . . .      SeeInvis .    o - +0 whip
rCold   . . .      Faith    .    c - +0 buckler
rNeg    + . .      Spirit   .    i - +0 plate armour
rPois   ∞          Reflect  .    (no helmet)
rElec   +          Harm     .    (no cloak)
rCorr   .          Rampage  .    (no gloves)
Will    .....                    (no boots)
Stlth   ..........               (no amulet)
HPRegen 0.09/turn                f - +6 ring of strength
MPRegen 0.09/turn                (no ring)

@: mighty
A: sickness immunity, AC +3, negative energy resistance 1, electricity
resistance, torment resistance 1, petrification resistance
a: no special abilities


You were on level 2 of the Dungeon.
You visited 1 branch of the dungeon, and saw 2 of its levels.

You collected 94 gold pieces.

Inventory:

Hand Weapons
 a - a +0 flail
 o - a +0 whip (weapon)
Armour
 b - a +0 scale mail
 c - a +0 buckler (worn)
 i - a +0 plate armour (worn)
Jewellery
 f - a +6 ring of strength (left hand)
Scrolls
 e - 2 scrolls of vulnerability {unknown}
 g - a scroll of amnesia {unknown}
 h - 3 scrolls of identify {unknown}
 j - 4 scrolls of teleportation {unknown}
 k - 2 scrolls of blinking {unknown}
 l - a scroll of brand weapon {unknown}
 m - a scroll of enchant weapon {unknown}
 n - a scroll of poison {unknown}
 q - a scroll of silence {unknown}
Potions
 d - a potion of might
 p - a potion of degeneration {unknown}
 r - 2 potions of attraction {unknown}


   Skills:
 * Level 4.2 Fighting
 * Level 2.9 Maces & Flails
 + Level 3.7 Armour
 + Level 3.7 Shields


You had 3 spell levels left.
You didn't know any spells.
Your spell library contained the following spells:

 Spells                   Type           Power      Damage    Failure   Level
 Conjure Flame            Conj/Fire      0%         6-21      100%        3
 Ignite Poison            Fire/Tmut/Pois 0%         N/A       100%        3
 Sticky Flame             Conj/Fire      0%         2d3       100%        4


Dungeon Overview and Level Annotations

Branches:
Dungeon (2/15)

Altars:

Annotations:
D:2 Crazy Yiuf


Innate Abilities, Weirdness & Mutations

You are immune to sickness and miasma.
Your stone body is resilient. (AC +3)
You are immune to poison.
You resist negative energy. (rN+)
You are resistant to electric shocks. (rElec)
You are resistant to unholy torment.
You are immune to petrification.


Message History

You block Crazy Yiuf's attack.
You hit Crazy Yiuf.
Crazy Yiuf is heavily wounded.
Crazy Yiuf hits you with a +4 quarterstaff of chaos!
Crazy Yiuf burns you.
You hit Crazy Yiuf but do no damage.
Crazy Yiuf is heavily wounded.
Crazy Yiuf whimpers, "Snurf agre Hive!"
Crazy Yiuf hits you with a +4 quarterstaff of chaos.
* * * LOW HITPOINT WARNING * * *
Crazy Yiuf freezes you.
* * * LOW HITPOINT WARNING * * *
You closely miss Crazy Yiuf.
Crazy Yiuf is heavily wounded.
Crazy Yiuf hits you with a +4 quarterstaff of chaos!
* * * LOW HITPOINT WARNING * * *
You feel very mighty all of a sudden.
You closely miss Crazy Yiuf.
Crazy Yiuf is heavily wounded.
Crazy Yiuf barely misses you.
You hit Crazy Yiuf.
Crazy Yiuf is severely wounded.
Crazy Yiuf hits you with a +4 quarterstaff of chaos.
* * * LOW HITPOINT WARNING * * *
Okay, then.
You barely miss Crazy Yiuf.
Crazy Yiuf is severely wounded.
You block Crazy Yiuf's attack.
You barely miss Crazy Yiuf.
Crazy Yiuf is severely wounded.
Crazy Yiuf hits you but does no damage.
You barely miss Crazy Yiuf.
Crazy Yiuf is severely wounded.
Crazy Yiuf cries, "Earwax!
Seed sizzlefizz bush."
Crazy Yiuf hits you but does no damage.
You completely miss Crazy Yiuf.
Crazy Yiuf is severely wounded.
Crazy Yiuf cries, "Leather!"
Crazy Yiuf hits you with a +4 quarterstaff of chaos.
You die...

#.# #..# #....# ..# #..##
##..## ..# #...## #....#
#.#####....# ##...#
...........# ##.##
..##.#.....# ##.# #....##....#
#.## #.######.#.# ##.# #.#
#...# #@## # #.# #.### #g# #..
# #.# #.# ... #.# # ..## ##.##
#...# #.# ####### ##.####...#
#)..# #.# #...... #.........##
##### #.# #.##### ##.####....#
#.# #.# # ##.#####..#########
#<# #.# #
.....>....###.....#####.###.##
#


You could see Crazy Yiuf.

Vanquished Creatures
  Jessica (D:2)
  An adder (D:2)
  A worm (D:2)
  5 bats
  7 endoplasms
  8 goblins
  2 hobgoblins
  3 kobolds
  2 quokkas (D:1)
  6 ball pythons
  2 frilled lizards
  4 rats
42 creatures vanquished.

Notes
Turn   | Place    | Note
-------+----------+-------------------------------------------
     0 | D:1      | Decritt the Gargoyle Fighter began the quest for the Orb.
     0 | D:1      | Reached XP level 1. HP: 14/14 MP: 1/1
   109 | D:1      | Found a faded altar of an unknown god.
   128 | D:1      | Reached XP level 2. HP: 19/19 MP: 2/2
   724 | D:1      | Reached XP level 3. HP: 24/24 MP: 3/3
  1534 | D:2      | Reached skill level 4 in Fighting
  1575 | D:2      | Noticed Jessica
  1579 | D:2      | Killed Jessica
  1580 | D:2      | Reached XP level 4. HP: 27/29 MP: 4/4
  2066 | D:2      | Found a runed translucent door.
  2067 | D:2      | Noticed Crazy Yiuf
  2080 | D:2      | Slain by Crazy Yiuf

Illustrated notes

Levels and vault maps discovered:
D:1:      minmay_arrival_radiant_lines, layout_loops_ring,
          ebering_ecumenical_altar_hall, minmay_pentomino_r2
D:2:      layout_loops_ring, grunt_ministairs_11, minmay_crystal_room,
          uniq_crazy_yiuf_cottage, uniq_jessica

Skill      XL: |  1  2  3 |
---------------+----------+-----
Fighting       | 4 |  4.2
Maces & Flails | |  2.9
Armour         | |  3.7
Shields        | |  3.7

Action                   |  1- 3 |  4- 6 || total
-------------------------+-------+-------++-------
Melee: Flail             |    77 |       ||    77
       Whip              |    42 |    42 ||    84
Armor: Plate armour      |    88 |    15 ||   103
       Scale mail        |     3 |       ||     3
Dodge: Dodged            |    38 |    12 ||    50
Block: Buckler           |    17 |     4 ||    21

Table legend: (Time is in decaauts)
 A = Elapsed time spent in this place.
 B = Non-inter-level travel time spent in this place.
 C = Inter-level travel time spent in this place.
 D = Time resting spent in this place.
 E = Time spent auto-exploring this place.
 F = Levels seen in this place.
 G = Mean time per level.
                   A        B        C        D        E       F      G
               +--------+--------+--------+--------+--------+-----+--------+
         Total |   2105 |   2078 |     27 |      0 |   1711 |   2 | 1052.5 |
       Dungeon |   2105 |   2078 |     27 |      0 |   1711 |   2 | 1052.5 |
               +--------+--------+--------+--------+--------+-----+--------+

Top non-repeatable levels by time:
     D:1: 1146 daAuts
     D:2: 958 daAuts
